 Dungeon Crawl Stone Soup version 0.18.1-48-g4cf74bf (webtiles) character file.

6146 PossumBlood the Warrior (level 10, -7/105 HPs)
             Began as a Minotaur Fighter on Aug 19, 2016.
             Was a Priest of Okawaru.
             Mangled by a vampire (10 damage)
             ... on level 9 of the Dungeon.
             The game lasted 00:23:07 (7997 turns).

PossumBlood the Warrior (Minotaur Fighter)          Turns: 7997, Time: 00:23:07

Health: -7/105     AC: 22    Str: 24    XL:     10   Next: 59%
Magic:  9/9        EV:  5    Int:  5    God:    Okawaru [***...]
Gold:   210        SH:  0    Dex: 10    Spells: 0 memorised, 9 levels left

rFire  . . .     SeeInvis .     a - +2 war axe
rCold  . . .     Gourm    .     w - +0 plate armour
rNeg   . . .     Faith    .     c - +0 shield
rPois  .         Spirit   .     (helmet restricted)
rElec  .         Dismiss  .     F - +2 cloak
rCorr  .         Reflect  .     E - +2 pair of gloves
SustAt .         Harm     .     (no boots)
MR     .....                    (no amulet)
Stlth  ..........               (no ring)
                                (no ring)

@: confused, not resistant to hostile enchantments, extremely unstealthy
A: retaliatory headbutt, horns 2, sense surroundings 1
a: Heroism, Renounce Religion


You were on level 9 of the Dungeon.
You worshipped Okawaru.
Okawaru was most pleased with you.
You were not hungry.

You visited 1 branch of the dungeon, and saw 9 of its levels.

You collected 396 gold pieces.
You spent 186 gold pieces at shops.

Inventory:

Hand Weapons
 a - a +2 war axe (weapon)
 r - the +5 flail of Ipac {venom, *Noise +Inv rF++ Str-5 Dex+3}
   (You found it on level 7 of the Dungeon)

   It poisons the flesh of those it strikes.
   It affects your strength (-5).
   It affects your dexterity (+3).
   It greatly protects you from fire.
   It lets you turn invisible.
   It may make noises in combat.
Missiles
 n - 2 javelins (quivered)
Armour
 c - a +0 shield (worn)
 w - a +0 plate armour (worn)
 y - the +3 leather armour of the Trilobite {rN+ MP-9 Stlth+}
   (You found it on level 5 of the Dungeon)

   It protects you from negative energy.
   It affects your magic capacity (-9).
   It makes you more stealthy.
 D - the +2 robe of Resilience {rElec}
   (You found it on level 7 of the Dungeon)

   It insulates you from electricity.
 E - a +2 pair of gloves (worn)
 F - a +2 cloak (worn)
Jewellery
 m - an uncursed amulet of dismissal
Wands
 k - a wand of paralysis (22/24)
 t - a wand of lightning (4/15)
 u - a wand of paralysis (11/24)
 C - a wand of iceblast (6/15)
Scrolls
 b - 4 scrolls of amnesia
 d - a scroll of teleportation
 e - 2 scrolls of remove curse
 h - 9 scrolls of identify
 p - a scroll of fear
 v - 2 scrolls of fog
 A - a scroll of recharging {unknown}
Potions
 g - a potion of berserk rage
 o - 2 potions of flight
Books
 i - a Necronomicon

   Spells                             Type                      Level
   a - Haunt                          Necromancy/Summoning         7
   b - Borgnjor's Revivification      Necromancy                   8
   c - Death's Door                   Charms/Necromancy            8
   d - Necromutation                  Transmutation/Necromancy     8
 q - a book of Misfortune

   Spells                             Type                      Level
   a - Confusing Touch                Hexes                        2
   b - Confuse                        Hexes                        3
   c - Gell's Gravitas                Hexes/Translocation          3
   d - Petrify                        Transmutation/Earth          4
   e - Metabolic Englaciation         Hexes/Ice                    5
   f - Yara's Violent Unravelling     Hexes/Transmutation          5
Comestibles
 f - a bread ration
 j - 8 beef jerkies
 l - 3 meat rations
 x - a royal jelly
 z - 2 fruits
 B - 8 slices of pizza


   Skills:
 * Level 15.2 Fighting
 - Level 2.4 Axes
 + Level 11.4 Armour
 - Level 3.6 Shields


You had 9 spell levels left.
You didn't know any spells.

Dungeon Overview and Level Annotations

Branches:
Dungeon (9/15)             Temple (0/1) D:7            Lair (0/8) D:8
    Orc: D:9-12

Altars:
Ashenzari
Cheibriados
Dithmenos
Gozag
Nemelex Xobeh
Okawaru

Shops:
D:4 *   D:5 %

Annotations:
D:5 PossumBlood's ghost, novice MiFi


Innate Abilities, Weirdness & Mutations

You reflexively headbutt those who attack you in melee.
You have a pair of horns on your head.
You passively map a small area around you.


Message History

You are confused.
You're too confused!
You're too confused!
You bump into the rock wall.
The vampire casts a spell.
The vampire flickers and vanishes!
Deactivating autopickup; reactivate with Ctrl-A.
You bump into the rock wall.
Something hits you.
* * * LOW HITPOINT WARNING * * *
Something bites you!
* * * LOW HITPOINT WARNING * * *
Something draws strength from your injuries!
You're too confused!
Something hits you but does no damage. Something bites you!
* * * LOW HITPOINT WARNING * * *
You're too confused!
You're too confused!
You bump into the rock wall.
Something hits you but does no damage. Something bites you!
You die...

..# ### # ###+####### #
####.........# ###..'.....†...#
#########
##..##.........###.......# ###
##.###...<.....#.'.......######..
#..# #.........#.#.......'......#
#.## #.........#@#.......########
..# #.........{.#.......# ###
#.........####'###### #
#.........# #..# # ########'##
##.# ## ###..# #.# .# #...##
####+###### .#
######'######...(......# .##
#..........##..........#


There were no monsters in sight!

Vanquished Creatures
  The ghost of PossumBlood the Fighter, a novice MiFi (D:6)
  An elephant (D:8)
  Maurice (D:8)
  Joseph (D:8)
  The ghost of sheala the Stinger, an amateur DEVM (D:4)
  2 wyverns (D:9)
  A yak (D:8)
  A human (D:7)
  A hungry ghost (D:8)
  A hippogriff (D:9)
  A phantom (D:8)
  6 sky beasts
  An orc warrior (D:6)
  A black bear (D:8)
  5 ogres
  7 centaurs
  4 giant frogs
  A water moccasin skeleton (D:5)
  A scorpion (D:7)
  5 killer bees (D:8)
  A howler monkey (D:5)
  2 crimson imps
  A quasit (D:6)
  3 giant frog skeletons
  5 orc priests
  Crazy Yiuf (D:3)
  A gnoll shaman (D:7)
  2 hounds
  2 jellies
  2 iguanas
  5 worker ants
  7 orc wizards
  Natasha (twice) (D:2)
  6 sheep
  8 adders
  6 gnolls
  A shadow imp (D:7)
  An ooze (D:1)
  An adder skeleton (D:9)
  2 adder zombies (D:8)
  3 worms
  3 dart slugs
  2 giant geckos
  21 orcs
  6 giant cockroaches
  11 goblins
  7 hobgoblins
  14 jackals
  4 quokkas
  4 ball pythons
  3 bats
  A giant gecko skeleton (D:9)
  A giant gecko zombie (D:6)
  8 giant newts
  4 kobolds
  3 quokka skeletons
  6 rats
  3 fungi
  A plant (D:8)
207 creatures vanquished.

Vanquished Creatures (others)
  A fungus (D:8)
1 creature vanquished.

Grand Total: 208 creatures vanquished

Notes
Turn   | Place    | Note
--------------------------------------------------------------
     0 | D:1      | PossumBlood the Minotaur Fighter began the quest for the Orb.
     0 | D:1      | Reached XP level 1. HP: 19/19 MP: 0/0
   153 | D:1      | Reached skill level 4 in Fighting
   343 | D:1      | Reached XP level 2. HP: 27/27 MP: 1/1
   714 | D:2      | Reached XP level 3. HP: 13/35 MP: 2/2
   967 | D:2      | Reached skill level 5 in Fighting
   979 | D:2      | Found a shattered altar of Ashenzari.
   995 | D:2      | Noticed Natasha
  1002 | D:2      | Killed Natasha
  1002 | D:2      | Reached XP level 4. HP: 33/42 MP: 3/3
  1069 | D:2      | Noticed Natasha
  1075 | D:2      | Killed Natasha
  1348 | D:3      | Reached skill level 6 in Fighting
  1589 | D:3      | Reached XP level 5. HP: 50/50 MP: 4/4
  1667 | D:3      | Found a faded altar to an unknown god.
  1762 | D:3      | Reached skill level 5 in Armour
  2115 | D:3      | Noticed Crazy Yiuf
  2125 | D:3      | Killed Crazy Yiuf
  2222 | D:4      | Noticed sheala's ghost (amateur DEVM)
  2234 | D:4      | Reached skill level 7 in Fighting
  2235 | D:4      | Killed sheala's ghost
  2235 | D:4      | Reached XP level 6. HP: 41/61 MP: 5/5
  2422 | D:4      | Found an opulent altar of Gozag.
  2423 | D:4      | Found a sparkling altar of Nemelex Xobeh.
  2509 | D:4      | Reached skill level 8 in Fighting
  2516 | D:4      | Reached XP level 7. HP: 66/68 MP: 6/6
  2583 | D:4      | Found Zoenneg's General Store.
  2586 | D:4      | Bought a scroll of enchant weapon for 82 gold pieces
  2586 | D:4      | Bought a potion of flight for 33 gold pieces
  2985 | D:5      | Entered Level 5 of the Dungeon
  3016 | D:5      | Reached skill level 9 in Fighting
  3253 | D:5      | Reached XP level 8. HP: 73/79 MP: 7/7
  3254 | D:5      | Reached skill level 10 in Fighting
  3520 | D:5      | Found Emmypium's Food Shoppe.
  3523 | D:5      | Bought a royal jelly for 22 gold pieces
  3523 | D:5      | Bought a beef jerky for 16 gold pieces
  3523 | D:5      | Bought 2 fruits for 33 gold pieces
  3566 | D:5      | Got a slimy leather armour
  3567 | D:5      | Identified the +3 leather armour of the Trilobite {rN+ MP-9 Stlth+} (You found it on level 5 of the Dungeon)
  3630 | D:5      | Found a shadowy altar of Dithmenos.
  3753 | D:5      | Noticed PossumBlood's ghost (novice MiFi)
  4478 | D:6      | Noticed PossumBlood's ghost (novice MiFi)
  4501 | D:6      | Killed PossumBlood's ghost
  4501 | D:6      | Reached skill level 11 in Fighting
  4508 | D:6      | Reached XP level 9. HP: 45/90 MP: 8/8
  4844 | D:6      | Found an iron altar of Okawaru.
  4853 | D:6      | Reached skill level 12 in Fighting
  4862 | D:6      | Became a worshipper of Warmaster Okawaru
  5617 | D:7      | Got a crystal flail
  5618 | D:7      | Identified the +5 flail of Ipac {venom, *Noise +Inv rF++ Str-5 Dex+3} (You found it on level 7 of the Dungeon)
  5672 | D:7      | Reached * piety under Okawaru
  5787 | D:7      | Reached skill level 13 in Fighting
  5912 | D:7      | Found a staircase to the Ecumenical Temple.
  5996 | D:7      | Reached skill level 10 in Armour
  6000 | D:7      | Got a sheer robe
  6001 | D:7      | Identified the +2 robe of Resilience {rElec} (You found it on level 7 of the Dungeon)
  6031 | D:7      | Found a snail-covered altar of Cheibriados.
  6183 | D:8      | Noticed Joseph
  6209 | D:8      | Killed Joseph
  6209 | D:8      | Reached ** piety under Okawaru
  6282 | D:8      | Noticed Maurice
  6291 | D:8      | Killed Maurice
  6291 | D:8      | Reached skill level 14 in Fighting
  6291 | D:8      | Reached XP level 10. HP: 82/103 MP: 9/9
  6667 | D:8      | Reached *** piety under Okawaru
  6672 | D:8      | Found a staircase to the Lair.
  6727 | D:8      | Noticed an elephant
  6762 | D:8      | Killed an elephant
  7388 | D:9      | Reached skill level 15 in Fighting
  7993 | D:9      | Gained mutation: You are clumsy. (Dex -2) [potion of mutation]
  7993 | D:9      | Gained mutation: You passively map a small area around you. [potion of mutation]
  7993 | D:9      | Lost mutation: You are clumsy. (Dex -2) [potion of mutation]
  7996 | D:9      | HP: 3/105 [something (7)]
  7997 | D:9      | Mangled by a vampire

Skill      XL: |  1  2  3  4  5  6  7  8  9 10 |
---------------+-------------------------------+-----
Fighting       | 4 5 6 7 8 9 11 14 15 | 15.2
Armour         | 4 5 6 7 8 10 11 | 11.4
Axes           | |  2.4
Shields        | |  3.6

Action                   |  1- 3 |  4- 6 |  7- 9 | 10-12 || total
-------------------------+-------+-------+-------+-------++-------
Melee: War axe           |    46 |   151 |   382 |   140 ||   719
       Headbutt          |     9 |    28 |    74 |    34 ||   145
Throw: Javelin           |       |       |     3 |       ||     3
  Use: Scroll            |       |     9 |    12 |     1 ||    22
       Potion            |       |     1 |     5 |     1 ||     7
  Eat: Bread ration      |       |     2 |     1 |     3 ||     6
       Meat ration       |       |       |     1 |       ||     1
       Fruit             |       |       |     1 |       ||     1
Armor: Scale mail        |    28 |    60 |    43 |       ||   131
       Plate armour      |       |       |   211 |   129 ||   340
       Skin              |       |       |     8 |       ||     8
Dodge: Dodged            |    24 |    43 |    69 |    43 ||   179
Block: Shield            |    27 |    66 |   224 |    90 ||   407
